 Dungeon Crawl Stone Soup version 0.32-a0-576-g706899e69d (webtiles) character file.

Game seed: 14738980911143324779

548 DrKenneth the Shield-Bearer (level 7, -1/62 HPs)
             Began as a Minotaur Fighter on Mar 2, 2024.
             Succumbed to a killer bee's poison
             ... on level 4 of the Dungeon.
             The game lasted 00:09:52 (3002 turns).

DrKenneth the Shield-Bearer (Minotaur Fighter)      Turns: 3002, Time: 00:09:52

Health: -1/62      AC: 15    Str: 22    XL:     7   Next: 7%
Magic:  6/6        EV:  8    Int:  5    God:
Gold:   185        SH:  5    Dex: 10    Spells: 6/6 levels left

rFire   . . .        a - +0 war axe
rCold   . . .        c - +0 buckler
rNeg    . . .        q - +3 chain mail
rPois   .            (helmet restricted)
rElec   .            (no cloak)
rCorr   .            n - +1 pair of gloves
SInv    .            (no boots)
Will    .....        (no amulet) Stlth
                     (no ring)
HPRegen 0.30/turn    (no ring)
MPRegen 0.10/turn

%: no passive effects
@: lethally poisoned (-1 -> -31)
A: horns 2, retaliatory headbutt
a: no special abilities


You were on level 4 of the Dungeon.
You visited 1 branch of the dungeon, and saw 4 of its levels.

You collected 185 gold pieces.

Inventory:

Hand Weapons
 a - a +0 war axe (weapon)
Armour
 b - a +0 scale mail
 c - a +0 buckler (worn)
 m - a +0 ring mail of cold resistance
 n - a +1 pair of gloves (worn)
 q - a +3 chain mail (worn)
Scrolls
 f - a scroll of vulnerability {unknown}
 g - 2 scrolls of amnesia {unknown}
 h - 5 scrolls of identify
 j - a scroll of poison {unknown}
 k - a scroll of immolation {unknown}
 l - a scroll of teleportation {unknown}
 o - a scroll of torment {unknown}
Potions
 d - a potion of might
 e - a potion of resistance
 i - a potion of ambrosia {unknown}
 p - a potion of haste {unknown}
 r - 2 potions of degeneration {unknown}
 s - a potion of brilliance {unknown}


   Skills:
 + Level 5.7 Fighting
 + Level 5.0 Axes
 + Level 5.7 Armour
 + Level 5.8 Shields


You had 6 spell levels left.
You didn't know any spells.
Your spell library contained the following spells:

 Spells                   Type           Power      Damage    Failure   Level
 Conjure Ball Lightning   Conj/Air       0%         3x3d6     100%        6
 Discord                  Hex            0%         N/A       100%        8
 Disjunction              Tloc           0%         N/A       100%        8


Dungeon Overview and Level Annotations

Branches:
Dungeon (4/15)
 Temple: D:4-7

Altars:
Ashenzari

Shops:
D:1 !


Innate Abilities, Weirdness & Mutations

You have a pair of horns on your head.
You reflexively headbutt those who attack you in melee.


Message History

The killer bee barely misses you. You furiously retaliate!
You headbutt the killer bee.
You feel very sick.
The killer bee stings you but does no damage.
The killer bee stings you. You block the killer bee's attack.
You closely miss the killer bee.
The killer bee is heavily wounded.
You closely miss the killer bee.
You feel very sick.
The killer bee stings you but does no damage.
The killer bee closely misses you. The killer bee barely misses you.
The killer bee stings you but does no damage. x2
The killer bee closely misses you. You furiously retaliate!
You headbutt the killer bee!
You kill the killer bee!
You barely miss the killer bee.
The killer bee is moderately wounded.
You feel very sick. The killer bee stings you. The killer bee stings you!
The killer bee stings you but does no damage.
You slash the killer bee!
You kill the killer bee!
You completely miss the killer bee.
You feel sick. The killer bee closely misses you. The killer bee stings you.
* * * LOW HITPOINT WARNING * * *
You are lethally poisoned!
The killer bee poisons you!
The killer bee stings you but does no damage.
The killer bee stings you.
* * * LOW HITPOINT WARNING * * *
You are more poisoned.
The killer bee poisons you! The killer bee stings you.
* * * LOW HITPOINT WARNING * * *
You are more poisoned.
The killer bee poisons you!
Your Axes skill increases to level 5!
You have reached level 7!
You closely miss the killer bee. Your headbutt misses the killer bee.
You slash the killer bee!
You die...

.................#..##.#####...#
.......#....###..#.....# #####
.....###....###.....####
......##......#..##.#
....#..###....##.##.#
....##...#....##..#.#
....####......###.#.# ....#
###......#y..# ....#
#...##.@yy.# ##### #...#####y.#
#...# ..... #...# .....# #...#
.>...# ##### !....# .....#
.....#


You could see 4 killer bees.

Vanquished Creatures
  A sky beast (D:4)
  2 killer bees (D:4)
  A hound (D:4)
  An orc priest (D:3)
  Natasha (thrice) (D:2)
  An iguana (D:4)
  5 adders
  7 gnolls (D:2)
  3 dart slugs
  A ribbon worm (D:2)
  8 orcs (D:3)
  10 endoplasms
  7 giant cockroaches
  6 hobgoblins
  11 kobolds
  2 quokkas
  9 ball pythons
  4 bats
  5 frilled lizards
  3 goblins
  8 rats
98 creatures vanquished.

Notes
Turn   | Place    | Note
-------+----------+-------------------------------------------
     0 | D:1      | DrKenneth the Minotaur Fighter began the quest for the Orb.
     0 | D:1      | Reached XP level 1. HP: 19/19 MP: 0/0
    55 | D:1      | Found Xoxe Gey's Distillery.
   136 | D:1      | Reached XP level 2. HP: 27/27 MP: 1/1
  1001 | D:2      | Reached XP level 3. HP: 30/33 MP: 2/2
  1008 | D:2      | Noticed Natasha
  1106 | D:2      | Killed Natasha
  1107 | D:2      | Reached XP level 4. HP: 41/41 MP: 3/3
  1259 | D:2      | Noticed Natasha
  1266 | D:2      | Killed Natasha
  1267 | D:2      | Reached XP level 5. HP: 25/47 MP: 4/4
  1520 | D:2      | Noticed Natasha
  1532 | D:2      | Killed Natasha
  1533 | D:2      | Reached skill level 5 in Fighting
  1533 | D:2      | Reached skill level 5 in Shields
  1630 | D:2      | Reached skill level 5 in Armour
  2058 | D:3      | Reached XP level 6. HP: 36/56 MP: 5/5
  2914 | D:4      | Noticed a sky beast
  2929 | D:4      | Killed a sky beast
  2931 | D:4      | Found a broken altar of Ashenzari.
  3002 | D:4      | Reached skill level 5 in Axes
  3002 | D:4      | Reached XP level 7. HP: 6/62 MP: 6/6
  3002 | D:4      | Succumbed to a killer bee's poison

Illustrated notes

Levels and vault maps discovered:
D:1:      elethiomel_arrival_quiet, layout_basic, serial_shops,
          nicolae_shop_industrial_runoff, minmay_door_square
D:2:      layout_basic, minmay_hexomino_u4, uniq_natasha
D:3:      layout_loops_ring, minmay_surrounded
D:4:      layout_basic, ashenzari_altar_1, general_overflow_altar

Skill      XL: |  1  2  3  4  5  6 |
---------------+-------------------+-----
Fighting       | 4 5 |  5.7
Shields        | 4 5 |  5.8
Armour         | 4 5 |  5.7
Axes           | 3 4 5 |  5.0

Action                     |  1- 3 |  4- 6 |  7- 9 || total
---------------------------+-------+-------+-------++-------
  Melee: War axe           |    66 |   151 |     1 ||   218
         Headbutt          |     9 |    21 |       ||    30
    Use: Scroll            |       |     1 |       ||     1
 Armour: Scale mail        |    65 |    82 |       ||   147
         Chain mail        |       |    37 |       ||    37
  Dodge: Dodged            |    29 |    88 |       ||   117
  Block: Buckler           |    13 |    30 |       ||    43

Table legend: (Time is in decaauts)
 A = Elapsed time spent in this place.
 B = Non-inter-level travel time spent in this place.
 C = Inter-level travel time spent in this place.
 D = Time resting spent in this place.
 E = Time spent auto-exploring this place.
 F = Levels seen in this place.
 G = Mean time per level.
                   A        B        C        D        E       F      G
               +--------+--------+--------+--------+--------+-----+--------+
         Total |   3097 |   2472 |    625 |    314 |   1538 |   4 |  774.2 |
       Dungeon |   3097 |   2472 |    625 |    314 |   1538 |   4 |  774.2 |
               +--------+--------+--------+--------+--------+-----+--------+

Top non-repeatable levels by time:
     D:1: 1102 daAuts
     D:3: 875 daAuts
     D:2: 864 daAuts
     D:4: 254 daAuts
